 Dungeon Crawl Stone Soup version 0.24.0-1-gfbc8707 (webtiles) character file.

Game seed: 14234212503886133019, levelgen mode: deterministic

39 dingleboss the Sneak (level 3, 0/28 HPs)
             Began as a Kobold Enchanter on Nov 3, 2019.
             Succumbed to an adder's poison
             ... on level 2 of the Dungeon.
             The game lasted 00:05:22 (1559 turns).

dingleboss the Sneak (Kobold Enchanter)             Turns: 1559, Time: 00:05:22

Health: 0/28       AC: 21    Str:  6    XL:     3   Next: 70%
Magic:  3/6        EV:  3    Int: 21    God:
Gold:   80         SH:  0    Dex: 15    Spells: 1/6 levels left

rFire    . . .     SeeInvis .   a - +1 dagger
rCold    . . .     Gourm    .   (shield restricted)
rNeg     + + +     Faith    .   (armour currently unavailable)
rPois    +         Spirit   .   (helmet currently unavailable)
rElec    .         Reflect  .   (cloak currently unavailable)
rCorr    .         Harm     .   (gloves currently unavailable)
MR       .....     NoTele   +   (boots currently unavailable)
Stlth    +++.......             (no amulet)
HPRegen  0.09/turn              (no ring)
MPRegen  0.10/turn              (no ring)

@: brilliant, lethally poisoned (0 -> -5), tree-form, very slightly contaminated
A: small, carnivore
a: no special abilities


You were on level 2 of the Dungeon.
You were very full.
You were a tree.
You visited 1 branch of the dungeon, and saw 2 of its levels.

You collected 80 gold pieces.


Innate Abilities, Weirdness & Mutations

You are small and have problems with some larger weapons.
You are carnivorous and can eat meat at any time.


   Skills:
 + Level 2.5 Short Blades
 - Level 2.4 Dodging
 + Level 4.7 Stealth
 - Level 2.1 Spellcasting
 + Level 3.4 Hexes
 + Level 0.9 Ice Magic


You had one spell level left.
You knew the following spells:

 Your Spells              Type           Power        Failure   Level  Hunger
c - Confuse               Hex            ####....     1%          3    ###....
x - Ensorcelled Hibernat  Hex/Ice        ###...       1%          2    ##.....

Your spell library contained the following spells:

 Spells                   Type           Power        Failure   Level  Hunger
 Corona                   Hex            ####...      1%          1    #......
 Tukima's Dance           Hex            ####....     1%          3    ###....
 Dazzling Spray           Conj/Hex       ###...       2%          3    ###....

Inventory:

Hand Weapons
 a - a +1 dagger (weapon)
Armour
 b - a +0 robe
 i - a +0 helmet (melded)
 l - a +0 ring mail (melded)
Scrolls
 e - a scroll of identify {@r1}
 h - a scroll of remove curse {@r2}
Potions
 c - a potion of brilliance
 j - a potion of lignification {!q}
Comestibles
 d - a ration {@e1}

Dungeon Overview and Level Annotations

Branches:
Dungeon (2/15)

Altars:

#.#. ### #...
..#######...
#.##......>.
#.##.###....
#.##.#......
#.##.#.##...
#######......#...#
#♣..)......###.#.#
#(#####.#### #.#.#
#...# #.# #)#.#
...#......# #.#.#
###...####.# #.#.#
## ## #.# #.#..
#.# #.... #.#
###.# #.# #.#


There were no monsters in sight!


Message History

You feel sick. The adder bites you but does no damage.
You hit the adder.
The adder is almost dead.
The adder barely misses you. The adder bites you.
* * * LOW HITPOINT WARNING * * *
You completely miss the adder.
The adder is almost dead.
* * * LOW HITPOINT WARNING * * *
You feel sick. The adder barely misses you.
You closely miss the adder.
The adder is almost dead.
The adder bites you but does no damage.
You completely miss the adder.
The adder is almost dead.
* * * LOW HITPOINT WARNING * * *
You feel sick. The adder barely misses you.
You hit the adder but do no damage.
The adder is almost dead.
The adder bites you but does no damage.
You closely miss the adder.
The adder is almost dead.
* * * LOW HITPOINT WARNING * * *
You feel sick. The adder bites you but does no damage.
You hit the adder but do no damage.
The adder is almost dead.
The adder bites you but does no damage.
You hit the adder.
You kill the adder!
Unknown command.
You die...

Skill      XL: |  1  2 |
---------------+-------+-----
Short Blades   | 2 |  2.5
Dodging        | |  2.4
Stealth        | |  4.7
Spellcasting   | |  2.1
Hexes          | |  3.4
Ice Magic      | |  0.9

Action                   || total
-------------------------++-------
Melee: Dagger            ||   125
 Cast: Corona            ||     5
       Ensorcelled Hiber ||    10
  Use: Scroll            ||     5
       Potion            ||     2
 Stab: Sleeping          ||    11
       Distracted        ||     1
  Eat: Chunk             ||    11
Armor: Robe              ||    12
       Ring mail         ||    18
       Skin              ||     9
Dodge: Dodged            ||    71

Levels and vault maps discovered:
D:1:      dpeg_arrival_tiny_a, layout_loops_ring, st_stairs_10
D:2:      layout_loops_ring, grunt_temple_overflow_forces_of_nature,
          minmay_tromino_v4_b

Notes
Turn   | Place    | Note
-------+----------+-------------------------------------------
     0 | D:1      | dingleboss the Kobold Enchanter began the quest for the
                  | Orb.
     0 | D:1      | Reached XP level 1. HP: 10/10 MP: 3/3
   272 | D:1      | Reached XP level 2. HP: 15/15 MP: 5/5
   308 | D:1      | Learned a level 2 spell: Ensorcelled Hibernation
   399 | D:1      | Reached skill level 2 in Short Blades
   757 | D:1      | Reached XP level 3. HP: 16/19 MP: 3/6
   762 | D:1      | Learned a level 3 spell: Confuse
  1552 | D:2      | HP: 2/28 [poisoned by an adder]
  1559 | D:2      | Succumbed to an adder's poison

Vanquished Creatures
  An adder (D:2)
  A dart slug (D:1)
  4 leopard geckos
  4 giant cockroaches (D:1)
  2 goblins
  A hobgoblin (D:1)
  4 bats
  2 frilled lizards (D:1)
  3 kobolds
  2 rats (D:1)
24 creatures vanquished.

Table legend:
 A = Turns spent in this place as a percentage of turns spent in the entire game.
 B = Non-inter-level travel turns spent in this place as a percentage of non-inter-level travel turns spent in the entire game.
 C = Inter-level travel turns spent in this place as a percentage of turns spent in this place.
 D = Turns resting spent in this place as a percentage of non-inter-level travel turns spent in this place.
 E = Turns spent auto-exploring this place as a percentage of non-inter-level travel turns spent in this place.
 F = Non-inter-level travel turns spent in this place divided by the number of levels of this place that you've seen.
                   A       B       C       D       E      F
               +-------+-------+-------+-------+-------+----------------------
         Total | 100.0 | 100.0 |   0.1 |   8.8 |  66.3 | 779.0
       Dungeon | 100.0 | 100.0 |   0.1 |   8.8 |  66.3 | 779.0
               +-------+-------+-------+-------+-------+----------------------

Table legend:
 A = Non-vault XP
 B = Vault XP
 C = Vault XP percentage of total XP
 D = Non-vault monster count
 E = Vault monster count
 F = Vault count percentage of total count
                 A         B        C        D         E       F
            +---------+---------+-------+---------+---------+-------
      Total |      54 |       3 |   5.3 |      22 |       2 |   8.3
            +---------+---------+-------+---------+---------+-------
        D:1 |      30 |       3 |   9.1 |      15 |       2 |  11.8
        D:2 |      24 |       0 |   0.0 |       7 |       0 |   0.0
            +---------+---------+-------+---------+---------+-------
